[Event "*** Titled Tuesday Blitz"]
[Site "Chess.com"]
[Date "2021.04.06"]
[Round "6"]
[White "zurzan"]
[Black "rugbyclub"]
[Result "0-1"]
[WhiteElo "1989"]
[BlackElo "2257"]
[TimeControl "180+1"]
[EndTime "11:07:13 PDT"]
[Termination "rugbyclub won by resignation"]

1. f4 g6 2. Nf3 Bg7 3. g3 d6 4. Bg2 c5 5. O-O Nc6 6. e4 e6 7. d3 Nge7 8. c3 O-O 9. Be3 b6 10. Nbd2 Ba6 11. Qc2 Rc8 12. b3 d5 13. e5 d4 14.
cxd4 cxd4 15. Bf2 Nb4 16. Qb2 Nxd3 17. Qxd4 Nxf2 18. Rxf2 Nf5 19. Qxd8 Rfxd8 20. Bf1 Bxf1 21. Rfxf1 Bf8 22. Rac1 Ne3 23. Rxc8 Rxc8 24. Re1 Nd5 25. Nc4 b5 26. Ne3 Nxe3 27. Rxe3 Bc5 28. Kf2 Bxe3+ 29. Kxe3 Rc2 30. a4 bxa4 31. bxa4 Ra2 32. Kd4 Rxa4+ 33.
Kc5 Kf8 34. Kb5 Ra2 35. Ng5 h6 36. Nf3 Ke7 37. Kb4 Rf2 38. Nd4 Rxh2 39. Nc6+ Kd7 40. Nxa7 Rg2 41. Nb5 Rxg3 42. Nd6 f5 43. Nf7 h5 44.
Kc5 Rg4 45. Nh8 h4 46. Nf7 h3 47. Nh6 h2 48. Nxg4 fxg4 49. Kd4 h1=Q 50. Ke3 Qf3+ 0-1

[Event "*** Titled Tuesday Blitz"]
[Site "Chess.com"]
[Date "2021.04.06"]
[Round "6"]
[White "AwareIdea"]
[Black "Niktlt"]
[Result "1-0"]
[WhiteElo "2467"]
[BlackElo "2570"]
[TimeControl "180+1"]
[EndTime "11:07:14 PDT"]
[Termination "AwareIdea won by resignation"]

1. d4 Nf6 2. c4 g6 3. Nc3 Bg7 4. e4 d6 5. Nf3 O-O 6. h3 e5 7.
d5 Nh5 8. g3 Qe8 9. Nh4 f5 10.
exf5 gxf5 11. Be2 Nf6 12. Bg5 Na6 13. Qd2 Nc5 14. Qc2 a5 15. O-O-O Bd7 16. Be3 b6 17.
Rde1 a4 18. Rhg1 Kh8 19. g4 f4 20. Bxc5 bxc5 21. Bd3 Rb8 22. g5 Ng8 23. Bxh7 Ne7 24. Ng6+ Nxg6 25. Bxg6 Qe7 26. Be4 Rb4 27. h4 Rxc4 28.
h5 Rb8 29. h6 Bf8 30. g6 Bxh6 31. Rh1 Kg7 32. Rxh6 Kxh6 33. Rh1+ Kg5 34. f3 Bg4 35.
Qh2 1-0

[Event "*** Titled Tuesday Blitz"]
[Site "Chess.com"]
[Date "2021.04.06"]
[Round "6"]
[White "Darius321"]
[Black "ural58"]
[Result "0-1"]
[WhiteElo "2278"]
[BlackElo "2487"]
[TimeControl "180+1"]
[EndTime "11:07:14 PDT"]
[Termination "ural58 won by resignation"]

1. e4 d5 2. exd5 Qxd5 3. Nc3 Qa5 4. d4 Nf6 5. Nf3 Nc6 6. d5 Nb4 7. Bc4 e6 8. dxe6 Bxe6 9. Bxe6 fxe6 10. O-O Bd6 11.
Qe2 e5 12. a3 Nc6 13. Qc4 O-O-O 14. Be3 Qa6 15. Nb5 Rhe8 16. b4 e4 17. Ng5 Ne5 18.
Nxa7+ Kb8 19. Qxa6 bxa6 20. f4 exf3 21. Nxf3 Nxf3+ 22. Rxf3 Kb7 23. Bf2 Ne4 24. b5 Nxf2 25. bxa6+ Kxa7 26. Rxf2 Bc5 0-1

[Event "*** Titled Tuesday Blitz"]
[Site "Chess.com"]
[Date "2021.04.06"]
[Round "6"]
[White "kleopl"]
[Black "gmcorrales"]
[Result "0-1"]
[WhiteElo "2552"]
[BlackElo "2783"]
[TimeControl "180+1"]
[EndTime "11:07:15 PDT"]
[Termination "gmcorrales won by resignation"]

1. c4 c5 2. Nf3 Nc6 3. Nc3 Nf6 4. g3 d5 5. cxd5 Nxd5 6. d4 cxd4 7. Nxd4 Nxc3 8.
bxc3 Bd7 9. Bg2 Rc8 10. O-O b6 11. a4 e6 12. Nxc6 Bxc6 13. Qxd8+ Kxd8 14. Rd1+ Bd7 15. a5 Bc5 16. axb6 Bxb6 17. Ra2 Ke8 18. Rad2 Ba4 19. Rf1 Ke7 20. Ba3+ Kf6 21. Be4 Rhd8 22. Rxd8 Bxd8 23. Ra1 Bc6 24. Bd3 Bb6 25. Kf1 h5 26. h4 Bd5 27. Bb4 e5 28. Ba5 e4 29. Ba6 Rc5 30.
Bxb6 axb6 31. Rc1 Ke5 32. e3 Ra5 33. Be2 g6 34. Ke1 Kd6 35. Kd2 Kc5 36. Rc2 Ra3 37.
Rb2 Bb3 38. Bf1 b5 39. Be2 Ba4 40. Bf1 Ra1 41. Be2 f6 42. f3 exf3 43. Bxf3 Rg1 44.
Kd3 Rxg3 45. Be4 f5 46. Bb7 Rg4 47. Rf2 Rxh4 48. Rg2 Rg4 49. Rxg4 fxg4 50. Be4 g5 51. Bg6 h4 52. Ke4 Bc2+ 0-1

[Event "*** Titled Tuesday Blitz"]
[Site "Chess.com"]
[Date "2021.04.06"]
[Round "6"]
[White "PolandHussars"]
[Black "DenLaz"]
[Result "1/2-1/2"]
[WhiteElo "2617"]
[BlackElo "2825"]
[TimeControl "180+1"]
[EndTime "11:07:16 PDT"]
[Termination "Game drawn by agreement"]

1. e4 e5 2. Nc3 Nc6 3. g3 g6 4.
Bg2 Bg7 5. Nge2 Nge7 6. O-O O-O 7. d3 d6 8. f4 f5 9. h3 Be6 10. Kh2 Qd7 11. Be3 Rad8 12. Qd2 d5 13. exd5 Nxd5 14.
Bc5 Rfe8 15. Rae1 Nxc3 16. Nxc3 e4 17. Rd1 b6 18. Bg1 exd3 19. Qxd3 Qxd3 20. Rxd3 Rxd3 21.
cxd3 Nb4 22. d4 c6 23. a3 Nd5 24. Re1 Kf7 25. Nxd5 Bxd5 26. Rxe8 Kxe8 27. Bxd5 cxd5 28. Kg2 b5 29. b4 Kd7 30. Be3 h6 31. h4 Ke6 32.
Kf3 Kf7 33. Ke2 Bf6 34. Kf3 Bd8 35. Kg2 g5 36. h5 Kf6 37. Kh3 g4+ 38. Kg2 a5 39.
Bd2 axb4 40. axb4 Bb6 41. Bc3 Ke6 42. Kf2 Kd7 43. Ke3 Bd8 44. Kf2 Be7 45. Kg2 Bd6 46. Kf2 Kc6 47. Kg2 Bf8 48. Kf2 Bg7 49. Kg2 Kd6 50. Kf2 Ke6 51. Kg2 Bf8 1/2-1/2

[Event "*** Titled Tuesday Blitz"]
[Site "Chess.com"]
[Date "2021.04.06"]
[Round "6"]
[White "hansen"]
[Black "bratkoo"]
[Result "1-0"]
[WhiteElo "2825"]
[BlackElo "2553"]
[TimeControl "180+1"]
[EndTime "11:07:20 PDT"]
[Termination "hansen won by resignation"]

1. Nf3 d5 2. g3 Nf6 3. Bg2 c5 4. O-O Nc6 5. d3 e5 6. e4 Be7 7. exd5 Nxd5 8. Re1 f6 9. c3 O-O 10. d4 cxd4 11. cxd4 Bg4 12. Qb3 Na5 13. Qa4 Nb4 14.
dxe5 Bd7 15. Qd1 Bc6 16. Nc3 Nc4 17. Qb3 b5 18. a3 Nd3 19. Nxb5 Nxe1 20. Nxe1 Bxg2 21.
Nxg2 Rc8 22. Ne3 a6 23. Nd6 Bxd6 24. Nxc4 Bc5 25. Nd6+ Kh8 26. Nxc8 Bxf2+ 27. Kxf2 fxe5+ 28. Kg2 Qxc8 29. Qd5 Qc2+ 30. Bd2 Qf5 31. Be3 Qc2+ 32. Qd2 Qe4+ 33. Kg1 h5 34. Re1 h4 35. Bc5 1-0

[Event "*** Titled Tuesday Blitz"]
[Site "Chess.com"]
[Date "2021.04.06"]
[Round "6"]
[White "UKR_Master"]
[Black "EfrenRamos1"]
[Result "0-1"]
[WhiteElo "2482"]
[BlackElo "2295"]
[TimeControl "180+1"]
[EndTime "11:07:21 PDT"]
[Termination "EfrenRamos1 won by resignation"]

1. e4 c5 2. Nf3 d6 3. d4 cxd4 4. Nxd4 Nf6 5. Nc3 g6 6. h3 Bg7 7. g3 O-O 8. Bg2 a6 9. a4 Qc7 10. O-O Nc6 11. Nxc6 bxc6 12. Be3 a5 13. Qd2 Ba6 14.
Rfe1 Nd7 15. b3 Rfe8 16. Rad1 Rac8 17. f4 Qb7 18. Ne2 Qb4 19. Kh2 Bxe2 20. Rxe2 Nf6 21.
Qd3 c5 22. Bd2 c4 23. Qe3 Qc5 24. Qxc5 Rxc5 25. b4 axb4 26. Bxb4 Rc7 27. e5 dxe5 28. fxe5 Nd7 29. e6 fxe6 30. Rxe6 Nc5 31. Bxc5 Rxc5 32.
Bc6 Rf8 33. Kg2 Rf6 34. Bd5 Rxd5 0-1

[Event "*** Titled Tuesday Blitz"]
[Site "Chess.com"]
[Date "2021.04.06"]
[Round "6"]
[White "manuellarrea"]
[Black "SaqoChess_Twitch"]
[Result "0-1"]
[WhiteElo "2244"]
[BlackElo "2451"]
[TimeControl "180+1"]
[EndTime "11:07:22 PDT"]
[Termination "SaqoChess_Twitch won by resignation"]

1. e4 c5 2. Nf3 d6 3. d4 cxd4 4.
Nxd4 Nf6 5. Nc3 a6 6. Bg5 e6 7. f4 Be7 8. Qf3 Qb6 9. O-O-O Nc6 10. Nxc6 bxc6 11. e5 Nd5 12. Bxe7 Kxe7 13. exd6+ Kxd6 14. Ne4+ Ke7 15. Qa3+ Qb4 16. Qxb4+ Nxb4 17. a3 Nd5 18. g3 Rb8 19. c4 Ne3 20. Re1 Nxf1 21. Rhxf1 Rd8 22.
Rd1 Bb7 23. Nc5 Rxd1+ 24. Rxd1 Bc8 25. b4 a5 26. bxa5 Ra8 27. Nb3 Ba6 28. Rd4 Rb8 29.
Kc2 f6 30. Kc3 e5 31. fxe5 fxe5 32. Rh4 h6 33. Rg4 g5 34. Nc5 Bc8 35. Re4 Kd6 36. Nd3 Bf5 37. Re1 Bxd3 38. Kxd3 Ra8 39. Rf1 Ke6 40. Ra1 Rxa5 41. a4 Kf5 42. Kc3 c5 43. h3 e4 44. Rf1+ Ke5 45. Ra1 h5 46. Ra2 Kf5 47.
Rf2+ Ke5 48. Ra2 h4 49. gxh4 gxh4 50. Kb3 e3 51. Kc3 Ke4 52. Kb3 Kd3 53. Ra1 e2 54. Rg1 Kd2 55. Rg2 Kd1 56. Rxe2 Kxe2 0-1

[Event "*** Titled Tuesday Blitz"]
[Site "Chess.com"]
[Date "2021.04.06"]
[Round "6"]
[White "Nf3c5"]
[Black "Camels1981"]
[Result "1-0"]
[WhiteElo "2534"]
[BlackElo "2365"]
[TimeControl "180+1"]
[EndTime "11:07:23 PDT"]
[Termination "Nf3c5 won by resignation"]

1. e4 c5 2. b3 b6 3. Bb2 Bb7 4. Nc3 e6 5. d4 cxd4 6. Qxd4 Nc6 7. Qd2 Nf6 8. O-O-O Bb4 9. Bd3 Rc8 10. a3 Be7 11.
f4 d5 12. e5 Nd7 13. Nf3 Nc5 14. Kb1 Qc7 15. h4 O-O 16. Ng5 h6 17. Qe2 Nd4 18.
Qh5 Nxd3 19. Rxd3 Nf5 20. Qd1 hxg5 21. hxg5 Bxg5 22. fxg5 Qxe5 23. Nxd5 Qxb2+ 24. Kxb2 Bxd5 25. Qh5 1-0

[Event "*** Titled Tuesday Blitz"]
[Site "Chess.com"]
[Date "2021.04.06"]
[Round "6"]
[White "2Tilted"]
[Black "IMAghasiyevKamal"]
[Result "0-1"]
[WhiteElo "2335"]
[BlackElo "2515"]
[TimeControl "180+1"]
[EndTime "11:07:23 PDT"]
[Termination "IMAghasiyevKamal won by checkmate"]

1. d4 d5 2. c4 e6 3. Nf3 Nf6 4. g3 a6 5. Bg2 dxc4 6. a4 Bb4+ 7. Nc3 Nc6 8. O-O Rb8 9. e3 b5 10. Qe2 O-O 11. axb5 axb5 12. Rd1 Na5 13. Ne5 Bb7 14. e4 Nb3 15. Ra7 Nxd4 16. Qd2 Bc5 17. Ra5 Qd6 18. Nxb5 Nxb5 19. Qxd6 cxd6 20. Rxb5 Bxe4 21. Rxb8 Rxb8 22.
Bxe4 dxe5 23. Bf3 Bd4 24. Be2 Ne4 25. Bxc4 Bxf2+ 26. Kg2 Bd4 27. b3 g6 28. Kf3 Nd6 29. Be3 Nxc4 30. Bxd4 Rxb3+ 31. Ke4 f5# 0-1

[Event "*** Titled Tuesday Blitz"]
[Site "Chess.com"]
[Date "2021.04.06"]
[Round "6"]
[White "Cptn2"]
[Black "Rish_97"]
[Result "0-1"]
[WhiteElo "2533"]
[BlackElo "2697"]
[TimeControl "180+1"]
[EndTime "11:07:24 PDT"]
[Termination "Rish_97 won by resignation"]

1. e4 c5 2. Nf3 d6 3. a3 Nf6 4. Nc3 g6 5. b4 Bg7 6. Bc4 O-O 7. O-O Nxe4 8. Nxe4 Bxa1 9. Nc3 Nc6 10. bxc5 dxc5 11. Qe1 Bg4 12. Qe4 Bxf3 13. Qxf3 Ne5 14. Qe4 Qd4 15.
Bd5 e6 16. Bxb7 Rab8 17. Na4 Rxb7 18. Qxb7 Qxa4 19. c3 Nd3 20. Qb1 c4 21. Qxa1 Rb8 22. h3 Qc2 23. a4 Rb1 24. Qxb1 Qxb1 25. Ba3 Qb3 26. Be7 Qxa4 27. Bf6 Qb5 28. Ra1 a5 29.
Be7 a4 30. h4 f5 31. g3 Kf7 32. Bd6 e5 33. Ba3 h5 34. Bd6 Qb6 0-1

[Event "*** Titled Tuesday Blitz"]
[Site "Chess.com"]
[Date "2021.04.06"]
[Round "6"]
[White "queen_iryna"]
[Black "IANOV0007"]
[Result "0-1"]
[WhiteElo "2321"]
[BlackElo "2471"]
[TimeControl "180+1"]
[EndTime "11:07:27 PDT"]
[Termination "IANOV0007 won by resignation"]

1. e4 d6 2. d4 Nf6 3. Nc3 c6 4. Nf3 Bg4 5. h3 Bh5 6. Bd3 e6 7. g4 Bg6 8. Bg5 Be7 9. Qd2 d5 10. exd5 cxd5 11. Ne5 Nc6 12. Bxg6 hxg6 13. Nxc6 bxc6 14.
O-O-O Rb8 15. Bxf6 Bxf6 16. Na4 Be7 17. Nc5 Qb6 18.
Nb3 Bb4 19. Qf4 a5 20. a4 Rb7 21. h4 Qc7 22. Qxc7 Rxc7 23. c3 Bd6 24. h5 gxh5 25. Rxh5 Rxh5 26. gxh5 Ra7 27. Kc2 f6 28. Rg1 Kf7 29. Nd2 c5 30. Nf3 Rc7 31. Kd3 c4+ 32.
Kc2 Rb7 33. Rg6 Bf4 34. Rg4 Bd6 35. Rg6 Rb8 36. Rg1 Rh8 37. Rh1 Rh6 38. b3 cxb3+ 39. Kxb3 Rh8 40. c4 Rb8+ 41. Kc3 dxc4 42. h6 gxh6 43. Rxh6 Rb3+ 44. Kxc4 Rxf3 0-1

[Event "*** Titled Tuesday Blitz"]
[Site "Chess.com"]
[Date "2021.04.06"]
[Round "6"]
[White "mr65"]
[Black "malakismayil"]
[Result "1-0"]
[WhiteElo "2156"]
[BlackElo "2285"]
[TimeControl "180+1"]
[EndTime "11:07:27 PDT"]
[Termination "mr65 won on time"]

1. e4 e5 2. Nf3 Nc6 3. Bb5 d6 4. O-O Nf6 5. h3 Be7 6. Re1 O-O 7. c3 Bd7 8. Ba4 Re8 9. d4 exd4 10. cxd4 Nb8 11. Bb3 Bc6 12. Nc3 h6 13. Bf4 Bf8 14. e5 dxe5 15. Nxe5 Bd5 16. Nxd5 Nxd5 17. Qf3 c6 18. Nxf7 Rxe1+ 19. Rxe1 Qf6 20. Ne5 Na6 21. Bxd5+ cxd5 22. Qxd5+ Kh7 23. Qe4+ Kg8 24. Bg3 Rd8 25. Bh4 g5 26. Bg3 Bg7 27. Qxb7 Rxd4 28. Qc8+ Kh7 29. Qc2+ Kg8 30. Nf3 Rd8 31. Qc4+ Kh8 32. Re6 Rd1+ 33.
Kh2 Qf8 34. Qe2 1-0

[Event "*** Titled Tuesday Blitz"]
[Site "Chess.com"]
[Date "2021.04.06"]
[Round "6"]
[White "alexrustemov"]
[Black "AlexTriapishko"]
[Result "0-1"]
[WhiteElo "2667"]
[BlackElo "2829"]
[TimeControl "180+1"]
[EndTime "11:07:32 PDT"]
[Termination "AlexTriapishko won by resignation"]

1. d4 Nf6 2. c4 e6 3. Nf3 d5 4.
Nc3 dxc4 5. e4 Bb4 6. Bg5 c5 7. Bxc4 cxd4 8. Nxd4 Bxc3+ 9. bxc3 Qa5 10. Bb5+ Bd7 11. Bxf6 gxf6 12. Qb3 a6 13. Be2 Nc6 14. O-O Qc7 15. Rab1 Na5 16. Qa3 Rc8 17. Rfc1 Qc5 18.
Qb2 Ke7 19. Nb3 Nxb3 20. axb3 Bc6 21. Bf3 Rhg8 22. Qe2 Qe5 23. g3 h5 24. Qe3 h4 25.
Re1 hxg3 26. hxg3 f5 27. exf5 Rxg3+ 28. fxg3 Qxg3+ 29. Kf1 Bxf3 30. Qg1 Qh3+ 31. Kf2 Qxf5 32. Qg7 Be4+ 33. Kg1 Bxb1 34. Rf1 Qg6+ 0-1

[Event "*** Titled Tuesday Blitz"]
[Site "Chess.com"]
[Date "2021.04.06"]
[Round "6"]
[White "AttilaTurzo"]
[Black "serhanberat_ozdemir"]
[Result "1-0"]
[WhiteElo "2520"]
[BlackElo "2621"]
[TimeControl "180+1"]
[EndTime "11:07:32 PDT"]
[Termination "AttilaTurzo won on time"]

1. d4 Nf6 2. Nf3 g6 3. Bg5 Bg7 4. c3 O-O 5. Nbd2 c5 6. dxc5 Qc7 7. Nb3 Na6 8. Bxf6 Bxf6 9. Qd5 e6 10. Qd6 Re8 11. e4 Be7 12. Qxc7 Nxc7 13. O-O-O a5 14. a4 Na6 15. Bxa6 Rxa6 16. Ne5 Rd8 17. Nc4 Rc6 18. Ncxa5 Ra6 19. Nc4 Rxa4 20. Ncd2 d6 21. cxd6 Bxd6 22. Kc2 b5 23. g3 Bb7 24. f4 Be7 25.
Rhe1 f6 26. Nd4 Kf7 27. Nxb5 Ba6 28. Nd4 Rc8 29. Ra1 Rxa1 30. Rxa1 1-0

[Event "*** Titled Tuesday Blitz"]
[Site "Chess.com"]
[Date "2021.04.06"]
[Round "6"]
[White "IljaJoke"]
[Black "FMOlexandrProhorov"]
[Result "1/2-1/2"]
[WhiteElo "2473"]
[BlackElo "2203"]
[TimeControl "180+1"]
[EndTime "11:07:33 PDT"]
[Termination "Game drawn by agreement"]

1. e4 c5 2. Nf3 e6 3. d4 cxd4 4. Nxd4 Qb6 5. Nc3 Bc5 6. Na4 Qa5+ 7. c3 Bxd4 8. Qxd4 Nf6 9. e5 Nc6 10. Qc5 Qxc5 11. Nxc5 Nxe5 12. f4 Nc6 13. g3 b6 14.
Nb3 O-O 15. Bg2 d5 16. a4 a5 17. Be3 Rb8 18. Nd4 Nxd4 19. Bxd4 Bd7 20. Kd2 Rfc8 21.
Bf3 Ne8 22. Be2 Nd6 23. Bd3 Nc4+ 24. Bxc4 Rxc4 25. b3 Rcc8 26. g4 f6 27. h4 Kf7 28.
h5 Re8 29. Rae1 b5 30. axb5 Bxb5 31. g5 a4 32. bxa4 Bxa4 33. h6 Rb2+ 34. Ke3 e5 35. Bc5 exf4+ 36. Kxf4 fxg5+ 37. Kxg5 Rg2+ 38. Kf4 gxh6 39. Rxe8 Kxe8 40. Rxh6 Bc2 41. Ke5 Rg5+ 42. Kf6 Rg6+ 43.
Rxg6 Bxg6 44. Bd4 Kd7 45. Kg5 Ke6 46. Kh6 Kf5 47. Bc5 Ke4 48. Bd4 1/2-1/2

[Event "*** Titled Tuesday Blitz"]
[Site "Chess.com"]
[Date "2021.04.06"]
[Round "6"]
[White "SargissyanSargis"]
[Black "Brave_spirit12"]
[Result "0-1"]
[WhiteElo "2381"]
[BlackElo "2565"]
[TimeControl "180+1"]
[EndTime "11:07:34 PDT"]
[Termination "Brave_spirit12 won on time"]

1. e4 e6 2. d4 d5 3. Nc3 Nf6 4. Bg5 Be7 5. e5 Nfd7 6. Bxe7 Qxe7 7. f4 a6 8. Nf3 c5 9. Qd2 Nc6 10. dxc5 Nxc5 11. Bd3 O-O 12. O-O Rd8 13. Ne2 Ne4 14. Qe3 Qc5 15. Qxc5 Nxc5 16. Ned4 Bd7 17. Nxc6 bxc6 18.
b4 Na4 19. Nd4 c5 20. bxc5 Nxc5 21. Rab1 Rdb8 22. Kf2 Na4 23. Ke3 Nc3 24. Rb3 Nb5 25. Nxb5 axb5 26. Rfb1 Rxa2 27. Bxb5 Bxb5 28. Rxb5 Rxb5 29.
Rxb5 g6 30. Rb8+ Kg7 31. Kd3 Ra3+ 32. c3 Ra2 33. g4 Rxh2 34. g5 Rh3+ 35. Kd2 Rf3 36.
Rb4 h5 37. gxh6+ Kxh6 38. Ke2 Rxc3 0-1

[Event "*** Titled Tuesday Blitz"]
[Site "Chess.com"]
[Date "2021.04.06"]
[Round "6"]
[White "secretsuperstar7"]
[Black "Chuchofrio1"]
[Result "0-1"]
[WhiteElo "2189"]
[BlackElo "2366"]
[TimeControl "180+1"]
[EndTime "11:07:34 PDT"]
[Termination "Chuchofrio1 won on time"]

1. d4 Nf6 2. c4 g6 3. Nc3 Bg7 4.
e4 O-O 5. Nf3 d6 6. Be2 e5 7. d5 a5 8. h3 Na6 9. Be3 Ne8 10. Qd2 f5 11. Bg5 Nf6 12. exf5 gxf5 13. Bh6 f4 14. Bxg7 Kxg7 15. O-O-O Nc5 16. g3 e4 17. Nd4 f3 18. Bf1 h6 19. Rg1 Kh7 20.
g4 Rg8 21. g5 Nh5 22. g6+ Rxg6 23. Rxg6 Kxg6 24. Qc2 Qg5+ 25. Kb1 Nf6 26. Nxf3 Qf4 27. Nd2 Bf5 28. Be2 e3 29. Rg1+ Kf7 30. Nde4 Ncxe4 31. Bd3 Nxc3+ 32. bxc3 exf2 33. Rf1 Bxd3 34. Qxd3 Ne4 35. Kb2 Rg8 36. Qe2 Rg1 0-1

[Event "*** Titled Tuesday Blitz"]
[Site "Chess.com"]
[Date "2021.04.06"]
[Round "6"]
[White "shaheus"]
[Black "Chamal_Gedgafov"]
[Result "1-0"]
[WhiteElo "2380"]
[BlackElo "2203"]
[TimeControl "180+1"]
[EndTime "11:07:35 PDT"]
[Termination "shaheus won by resignation"]

1. e4 e6 2. Nf3 d5 3. Nc3 d4 4. Ne2 c5 5. c3 Nc6 6. cxd4 cxd4 7. Qa4 Bd7 8. Nexd4 Nxd4 9. Qxd4 Qc7 10. Be2 Nf6 11. b4 Bc6 12. O-O Nxe4 13. b5 Bd5 14. Bb2 b6 15.
Rac1 Qb7 16. d3 Nf6 17. Qf4 Be7 18. Rc7 Qb8 19. Rfc1 Qd8 20. Ne5 O-O 21. Nc6 Bxc6 22. R7xc6 Nd5 23. Qg3 Bf6 24. Be5 Bxe5 25. Qxe5 Qd7 26. Bf3 Rfd8 27. h3 Rac8 28. Be4 Rxc6 29. bxc6 Qe7 30. Bxd5 Rxd5 31. Qb8+ Rd8 32. c7 1-0

[Event "*** Titled Tuesday Blitz"]
[Site "Chess.com"]
[Date "2021.04.06"]
[Round "6"]
[White "catzapto"]
[Black "KIEV-1"]
[Result "1-0"]
[WhiteElo "2079"]
[BlackElo "2254"]
[TimeControl "180+1"]
[EndTime "11:07:35 PDT"]
[Termination "catzapto won by resignation"]

1. e4 c5 2. Nf3 d6 3. c3 Nf6 4.
Be2 e5 5. O-O Be7 6. d3 O-O 7. Re1 Nc6 8. Bf1 Bg4 9. g3 Qd7 10. Bg2 Rad8 11. Nbd2 d5 12. exd5 Nxd5 13. Qc2 Bd6 14. Ne4 f5 15. Nxd6 Qxd6 16. Bg5 Rde8 17.
h3 Bh5 18. Rad1 h6 19. Bd2 f4 20. g4 Bg6 21. Qb3 Bxd3 22. Nxe5 Nxe5 23. Qxd5+ Qxd5 24. Bxd5+ Kh8 25. Bc1 c4 26. b3 b5 27. bxc4 bxc4 28.
Ba3 Rf6 29. f3 Ra6 30. Bb4 Rxa2 31. Bd6 Be2 32. Bxe5 Rxe5 33. Bxc4 Bxd1 34. Rxe5 Bxf3 35. Bd3 g5 36. Re8+ Kg7 37. Rg8+ Kf7 38. Bc4+ Kf6 39. Bxa2 1-0

[Event "*** Titled Tuesday Blitz"]
[Site "Chess.com"]
[Date "2021.04.06"]
[Round "6"]
[White "Cryptochess"]
[Black "TimofeevAr"]
[Result "0-1"]
[WhiteElo "2553"]
[BlackElo "2842"]
[TimeControl "180+1"]
[EndTime "11:07:36 PDT"]
[Termination "TimofeevAr won by resignation"]

1. e4 d5 2. exd5 Nf6 3. d4 Nxd5 4. Nf3 g6 5. c4 Nf6 6. Nc3 Bg7 7. Be2 O-O 8. O-O b6 9. h3 Bb7 10. Bg5 Nbd7 11. Re1 e6 12. Qc2 c5 13. Rad1 cxd4 14.
Rxd4 Qe7 15. Red1 Nb8 16. Ne5 h6 17. Bh4 Rc8 18. Nb5 g5 19. Bg3 Nc6 20. Nxc6 Bxc6 21. Nd6 Rf8 22. b4 Rad8 23. c5 bxc5 24. Qxc5 Bd5 25.
Bc4 Nd7 26. Qc7 Bxd4 27. Rxd4 Qf6 28. Rd2 Nb6 29. Bxd5 Nxd5 30. Qc5 Qc3 31. Ne4 Qxc5 32. Nxc5 Kg7 33. Be5+ Kg6 34. a3 Nb6 35. Re2 Rd5 36. Bc7 Rc8 37. Bh2 0-1

[Event "*** Titled Tuesday Blitz"]
[Site "Chess.com"]
[Date "2021.04.06"]
[Round "6"]
[White "GMRafpig"]
[Black "jens1102"]
[Result "0-1"]
[WhiteElo "2599"]
[BlackElo "2513"]
[TimeControl "180+1"]
[EndTime "11:07:37 PDT"]
[Termination "jens1102 won by resignation"]

1. c4 c5 2. Nc3 g6 3. g3 Bg7 4.
Bg2 e6 5. Nf3 Ne7 6. d4 cxd4 7.
Nxd4 O-O 8. O-O a6 9. c5 d5 10. cxd6 Qxd6 11. Nb3 Qc7 12. Bf4 e5 13. Bg5 f6 14. Be3 Rd8 15. Qc1 Be6 16. Nc5 Bc8 17. Qc2 Nbc6 18. Qb3+ Kh8 19. Rac1 Nf5 20. Nd5 Qf7 21.
Nb6 Qxb3 22. axb3 Nxe3 23. fxe3 Rb8 24. Rfd1 Rxd1+ 25. Rxd1 Bg4 26. h3 Bxe2 27. Rd7 Bb5 28. Kf2 Nb4 29. Rxb7 Rxb7 30. Bxb7 Bf8 31. Nbd7 Be7 32.
e4 Kg8 33. Bc8 Kf7 34. Ke3 Ke8 0-1

[Event "*** Titled Tuesday Blitz"]
[Site "Chess.com"]
[Date "2021.04.06"]
[Round "6"]
[White "KroshkaKami"]
[Black "monikarozman"]
[Result "1-0"]
[WhiteElo "2388"]
[BlackElo "2202"]
[TimeControl "180+1"]
[EndTime "11:07:37 PDT"]
[Termination "KroshkaKami won on time"]

1. e4 c5 2. Nf3 Nc6 3. d4 cxd4 4.
Nxd4 Nf6 5. Nc3 e5 6. Ndb5 d6 7. Bg5 a6 8. Na3 b5 9. Nab1 Be7 10. Bxf6 Bxf6 11. a4 b4 12. Nd5 O-O 13. c3 Rb8 14.
Bc4 Be6 15. Qe2 bxc3 16. bxc3 a5 17. O-O Rb7 18. Na3 Bg5 19. Nb5 g6 20. Rad1 Rd7 21. Rd3 Kh8 22. Rfd1 Bxd5 23. Rxd5 Be7 24. Qd2 f5 25.
Nxd6 Bxd6 26. Rxd6 Rxd6 27. Qxd6 Qc8 28. Bb5 Nb8 29.
Qxe5+ Kg8 30. Rd4 1-0

[Event "*** Titled Tuesday Blitz"]
[Site "Chess.com"]
[Date "2021.04.06"]
[Round "6"]
[White "ri4mi"]
[Black "LenkaPtacnikova"]
[Result "1-0"]
[WhiteElo "2346"]
[BlackElo "2182"]
[TimeControl "180+1"]
[EndTime "11:07:37 PDT"]
[Termination "ri4mi won by resignation"]

1. e4 c5 2. Nf3 e6 3. d4 cxd4 4. Nxd4 Nf6 5. Nc3 Nc6 6. Nxc6 bxc6 7. e5 Nd5 8. Ne4 Qc7 9. f4 Ba6 10. c4 f5 11. cxd5 fxe4 12. d6 Qa5+ 13. Bd2 Qb6 14. Bxa6 Qxa6 15. Qe2 Qb6 16. Be3 Qb4+ 17. Bd2 Qd4 18. Bc3 Qd5 19. O-O g6 20. Rad1 Qxa2 21. f5 exf5 22. e6 Rg8 23. e7 Bg7 24. Qe3 Qe6 25. Bxg7 Rxg7 26. Qc3 Rg8 27. Qa5 f4 28.
Rxf4 e3 29. Rdf1 Qxd6 30. Rf8+ Kxe7 31. Qg5+ Ke6 32. R8f6+ Ke7 33. Rxd6+ Kxd6 34. Qf4+ Ke7 35. Qf6+ Ke8 36. Re1 1-0

[Event "*** Titled Tuesday Blitz"]
[Site "Chess.com"]
[Date "2021.04.06"]
[Round "6"]
[White "Sam_ChessMood"]
[Black "steka121"]
[Result "1-0"]
[WhiteElo "2883"]
[BlackElo "2362"]
[TimeControl "180+1"]
[EndTime "11:07:39 PDT"]
[Termination "Sam_ChessMood won by resignation"]

1. d4 Nf6 2. c4 Nc6 3. Nc3 e5 4. Nf3 exd4 5. Nxd4 Bc5 6. e3 O-O 7. Be2 d6 8. O-O a6 9. Nxc6 bxc6 10. b3 d5 11. Bb2 Be6 12. Na4 Bd6 13. cxd5 cxd5 14.
Bf3 Ne4 15. Bxe4 dxe4 16. Qh5 f5 17. Rfd1 Qe7 18. g3 g6 19. Qh6 f4 20. exf4 Rf5 21. Qh3 Rxf4 22. Qh6 Rf3 23. Re1 Raf8 24. Rxe4 R8f7 25.
Rae1 Rxf2 26. Rxe6 Rf1+ 27. Rxf1 Qxe6 28. Rxf7 Qxf7 29.
Qe3 1-0

[Event "*** Titled Tuesday Blitz"]
[Site "Chess.com"]
[Date "2021.04.06"]
[Round "6"]
[White "YoreDea"]
[Black "ama18"]
[Result "1-0"]
[WhiteElo "2634"]
[BlackElo "2500"]
[TimeControl "180+1"]
[EndTime "11:07:39 PDT"]
[Termination "YoreDea won by resignation"]

1. e4 c5 2. Be2 d6 3. f4 Nc6 4.
Nf3 g6 5. O-O Bg7 6. c3 Nf6 7. d3 O-O 8. Kh1 a6 9. Be3 b5 10. Nbd2 Rb8 11. d4 cxd4 12. cxd4 Bg4 13. d5 Na5 14. Nd4 Bxe2 15. Qxe2 Rc8 16. a4 Nc4 17. Nc6 Qd7 18. Nxc4 bxc4 19. Qxc4 e6 20. Rac1 exd5 21. exd5 Rfe8 22. Bg1 Ne4 23. Qxa6 Ra8 24. Qb5 Qf5 25. a5 Qh5 26. Rf3 Nd2 27. Rh3 Qf5 28. Qd3 Ne4 29. b4 Qxf4 30. Rf1 Qg4 31. b5 Qd7 32. b6 Qb7 33. Re3 f5 34. Qb5 Nc3 35. Qc4 Rxe3 36. Bxe3 Ne4 37. Bd4 Bf8 38. Ra1 Ra6 39. Nb4 Ra8 40. a6 1-0

[Event "*** Titled Tuesday Blitz"]
[Site "Chess.com"]
[Date "2021.04.06"]
[Round "6"]
[White "dpopadic"]
[Black "JiiHart"]
[Result "1-0"]
[WhiteElo "2313"]
[BlackElo "2041"]
[TimeControl "180+1"]
[EndTime "11:07:39 PDT"]
[Termination "dpopadic won by resignation"]

1. e4 c5 2. Nc3 Nc6 3. f4 e6 4.
Nf3 d5 5. Bb5 Be7 6. Bxc6+ bxc6 7. d3 h5 8. O-O h4 9. h3 Nh6 10. b3 Bf6 11. Ne5 Bxe5 12. fxe5 dxe4 13. Bxh6 Rxh6 14. dxe4 Qd4+ 15. Qxd4 cxd4 16. Na4 Rh5 17. Rad1 Ba6 18. Rf2 Rxe5 19. Rxd4 Rd8 20. Rxd8+ Kxd8 21. Rxf7 Rxe4 22. Rxg7 Re1+ 23. Kh2 Re2 24. Rxa7 Bc8 25. Ra8 Rxc2 26. Nb6 Kc7 27. Nxc8 Kb7 28. Ra4 Kxc8 29. Rxh4 Rxa2 30. Re4 Kd7 31. b4 Kd6 32. h4 Kd5 33. Rg4 e5 34. h5 e4 35. h6 Ra8 36. h7 Rh8 37. Rg7 Kc4 38. Kg3 Kxb4 39. Kf4 c5 40. Kxe4 c4 41. g4 Kc3 42. g5 Kd2 43. g6 c3 44.
Rd7+ Ke2 45. Rc7 Kd2 46. Kf5 c2 47. Kf6 1-0